 Dungeon Crawl Stone Soup version 0.30.1-4-g462c640d31 (webtiles) character file.

Game seed: 7469588342367167813

6 Feggol the Shield-Bearer (level 1, -1/20 HPs)
             Began as a Gnoll Wanderer on Sept 9, 2023.
             Succumbed to an adder's poison
             ... on level 2 of the Dungeon.
             The game lasted 00:07:30 (282 turns).

Feggol the Shield-Bearer (Gnoll Wanderer)            Turns: 282, Time: 00:07:30

Health: -1/20      AC:  6    Str: 16    XL:     1   Next: 90%
Magic:  1/1        EV: 10    Int:  8    God:
Gold:   27         SH:  7    Dex:  9    Spells: 0/0 levels left

rFire   . . .        e - +0 mace
rCold   . . .        b - +2 buckler
rNeg    . . .        c - +0 ring mail
rPois   .            (no helmet)
rElec   .            (no cloak)
rCorr   .            (no gloves)
SInv    .            (no boots)
Will    .....        (no amulet) Stlth
                     (no ring)
HPRegen 0.23/turn    (no ring)
MPRegen 0.07/turn

%: no passive effects
@: lethally poisoned (-1 -> -10)
A: fangs 1, strong nose, distributed training
a: no special abilities


You were on level 2 of the Dungeon.
You visited 1 branch of the dungeon, and saw 2 of its levels.

You collected 27 gold pieces.

Inventory:

Hand Weapons
 a - a +0 spear
 e - a +0 mace (weapon)
 f - a +0 dagger
 g - a +0 sling
Armour
 b - a +2 buckler (worn)
 c - a +0 ring mail (worn)
Potions
 d - a potion of brilliance {unknown}
 h - a potion of curing {unknown}


   Skills:
 + Level 4.4 Fighting
 + Level 0.2 Short Blades
 + Level 0.2 Long Blades
 + Level 0.2 Axes
 + Level 0.2 Maces & Flails
 + Level 4.4 Polearms
 + Level 0.2 Staves
 + Level 0.2 Ranged Weapons
 + Level 0.2 Throwing
 + Level 6.4 Armour
 + Level 0.2 Dodging
 + Level 0.2 Stealth
 + Level 6.4 Shields
 + Level 0.2 Unarmed Combat
 + Level 0.2 Spellcasting
 + Level 0.1 Conjurations
 + Level 0.1 Hexes
 + Level 0.1 Summonings
 + Level 0.1 Necromancy
 + Level 0.1 Translocations
 + Level 0.1 Transmutations
 + Level 0.1 Fire Magic
 + Level 0.1 Ice Magic
 + Level 0.1 Air Magic
 + Level 0.1 Earth Magic
 + Level 0.1 Poison Magic
 + Level 0.3 Invocations
 + Level 0.2 Evocations


You couldn't memorise any spells.
You didn't know any spells.
Your spell library was empty.

Dungeon Overview and Level Annotations

Branches:
Dungeon (2/15)

Altars:


Innate Abilities, Weirdness & Mutations

You have very sharp teeth.
Your uncanny sense of smell can sniff out nearby items.
Your experience applies equally to all skills.


Message History

An adder comes into view.
You barely miss the kobold.
The adder hisses angrily.
The kobold hits you with a +0 dagger.
Your unstable footing causes you to fumble your attack.
The kobold closely misses you. The endoplasm freezes you.
You are frozen.
You block the kobold's attack. The adder barely misses you.
The kobold closely misses you. The adder closely misses you.
You block the adder's attack. The adder bites you.
You are poisoned.
The adder poisons you! The adder attacks as you move away!
The adder barely misses you.
You feel sick. The adder attacks as you move away!
The adder closely misses you. The adder attacks as you move away!
You block the adder's attack.
You feel sick.
The adder bites you but does no damage. x2
The adder attacks as you move away! You block the adder's attack.
You feel sick.
You barely miss the adder.
You feel sick. The adder bites you.
You are more poisoned.
The adder poisons you!
The adder bites you but does no damage. x2
You block the adder's attack.
You hit the adder.
The adder is severely wounded.
* * * LOW HITPOINT WARNING * * *
You feel very sick.
You block the adder's attack. x2; The adder bites you but does no damage.
You barely miss the adder. Your bite misses the adder.
The adder is severely wounded.
* * * LOW HITPOINT WARNING * * *
You feel sick. The adder bites you.
* * * LOW HITPOINT WARNING * * *
You are more poisoned.
The adder poisons you! You block the adder's attack.
The adder bites you but does no damage.
You miss the adder.
The adder is severely wounded.
You die...

.#.#.......~.~.......#
...#.#####.~.≈~~.....#
#....#####...≈≈~..####
#.......##~..~~~..# ##
##..#.##..#...†~.~.#
.......#..~#.....~~...#
.....#.##~≈≈#....≈~.###
#.≈..~≈≈≈S.#.#.≈≈.#
#~~~≈~KKJS@....≈≈~#
#≈~~##.#######..#≈≈##
### #. ###...##≈# #.
##.....##≈#
#.###....######
#...§.§### ##§..§§#
###....# #....###


You could see 2 adders, an endoplasm and 2 kobolds.

Vanquished Creatures
  2 endoplasms (D:1)
  A goblin (D:1)
  A bat (D:1)
  A kobold (D:1)
  A rat (D:2)
6 creatures vanquished.

Notes
Turn   | Place    | Note
-------+----------+-------------------------------------------
     0 | D:1      | Feggol the Gnoll Wanderer began the quest for the Orb.
     0 | D:1      | Feggol set off with the following items: a +0 spear, a +2
                  | buckler, a +0 ring mail, a scroll of teleportation.
     0 | D:1      | Reached XP level 1. HP: 20/20 MP: 1/1
   214 | D:2      | Found a faded altar of an unknown god.
   282 | D:2      | Succumbed to an adder's poison

Illustrated notes

Levels and vault maps discovered:
D:1:      sevenhm_arrival_forest_fort_small_6, layout_basic
D:2:      layout_rooms, serial_rivers, chequers_serial_rivers_small_3,
          chequers_serial_rivers_small_3, chequers_serial_rivers_small_a,
          chequers_serial_rivers_small_b, ebering_ecumenical_altar_mist,
          grunt_ministairs_3, amcnicky_mini_pool_small, minivault_14,
          minmay_misc_feat_room

Action                     || total
---------------------------++-------
  Melee: Dagger            ||    14
         Mace              ||    10
         Spear             ||     1
         Bite              ||     1
   Fire: Sling             ||    20
    Use: Scroll            ||     3
 Armour: Ring mail         ||    19
  Dodge: Dodged            ||    24
  Block: Buckler           ||    19
